Senators vs Canadiens

Created - October 10 2010 at 12:22

Goals
1 2 3 T
Senators 1 0 0 1
Canadiens 0 1 2 3
Shots
1 2 3 T
Senators 6 13 8 27
Canadiens 4 7 9 20

Period #1

1. Senators , Sidney Crosby 2 (Rick Nash, Dustin Brown) at 12:47 (PP)

Penalties :
Chris Kelly (OTT) for Hooking (Minor) at 4:33, Ed Jovanovski (MTL) for Hooking (Minor) at 7:36, Jarkko Ruutu (OTT) for Hooking (Minor) at 8:54, Brent Seabrook (MTL) for Hooking (Minor) at 11:25

Period #2

2. Canadiens , Ilya Kovalchuk 1 (Brent Seabrook, Nathan Horton) at 9:08 (PP)

Penalties :
Josh Gorges (OTT) for Hooking (Minor) at 5:14, Josh Gorges (OTT) for High sticking (Minor) at 8:47, Cory Stillman (MTL) for High sticking (Minor) at 14:56, Josh Gorges (OTT) for Roughing (Minor) at 17:36

Period #3

3. Canadiens , Nathan Horton 1 (Tomas Plekanec, Ed Jovanovski) at 5:33 (PP)
4. Canadiens , R.J. Umberger 1 (Ilya Kovalchuk, Alexander Edler) at 19:33 (Empty Net)

Penalties :
Ed Jovanovski (MTL) for Holding (Minor) at 0:27, Jarkko Ruutu (OTT) for Boarding (Minor) at 3:07, Dennis Seidenberg (OTT) for Hooking (Minor) at 5:15, Dennis Seidenberg (OTT) for Cross-checking (Minor) at 10:19

Goalie Stats

Carey Price (OTT), 17 saves from 19 shots - (0.895), L, 0-1-0, 59:29 minutes
Jaroslav Halak (MTL), 26 saves from 27 shots - (0.963), W, 1-0-0, 60:00 minutes

Players Stats

Senators
Player Name              G  A  P  +/- PIM S  H  SB FO    MP 
------------------------------------------------------------
Anton Volchenkov         0  0  0   0  0   1  1  2  0/0   19 
Chris Kelly              0  0  0   0  2   0  1  0  4/7   15 
Dennis Seidenberg        0  0  0   0  4   2  4  2  0/0   21 
Dustin Brown             0  1  1   0  0   2  3  0  1/1   16 
Eric Fehr                0  0  0   0  0   0  1  0  0/0   17 
Filip Kuba               0  0  0   0  0   1  1  0  0/0   19 
James Neal               0  0  0  -1  0   6  2  0  0/1   19 
Jarkko Ruutu             0  0  0   0  4   0  0  0  0/2   8  
Jason Spezza             0  0  0   0  0   0  1  0  16/29 19 
Jay Bouwmeester          0  0  0  -1  0   2  0  1  0/0   23 
Jesse Winchester         0  0  0   0  0   0  0  0  7/17  9  
Josh Gorges              0  0  0  -1  6   0  1  2  0/0   18 
Karlis Skrastins         0  0  0   0  0   0  1  4  0/0   19 
Milan Michalek           0  0  0  -1  0   1  0  1  1/3   15 
Patrick Dwyer            0  0  0   0  0   0  1  0  0/1   9  
Rick Nash                0  1  1   0  0   6  0  0  1/1   18 
Sergei Kostitsyn         0  0  0   0  0   0  0  0  1/1   4  
Sidney Crosby            1  0  1  -1  0   6  0  1  12/18 21 
Canadiens
Player Name              G  A  P  +/- PIM S  H  SB FO    MP 
------------------------------------------------------------
Ales Hemsky              0  0  0   0  0   1  0  0  1/1   14 
Alexander Edler          0  1  1   1  0   1  1  0  0/0   21 
Brent Seabrook           0  1  1   1  2   2  0  2  0/0   23 
Cory Stillman            0  0  0   0  2   0  1  0  0/2   13 
David Booth              0  0  0   0  0   0  0  0  0/0   4  
Ed Jovanovski            0  1  1   0  4   0  3  2  0/0   20 
Ilya Kovalchuk           1  1  2   1  0   3  0  0  1/4   20 
Jason Pominville         0  0  0   0  0   1  1  0  2/2   19 
Kris Russell             0  0  0   0  0   1  3  0  0/0   18 
Kyle Okposo              0  0  0   0  0   0  0  0  0/2   12 
Maxime Talbot            0  0  0   1  0   0  3  0  2/2   12 
Nathan Horton            1  1  2   0  0   2  0  1  7/23  20 
R.J. Umberger            1  0  1   1  0   4  1  0  0/1   21 
Shawn Horcoff            0  0  0   0  0   1  1  0  5/14  18 
Steve Begin              0  0  0   0  0   0  3  0  5/8   6  
Tom Gilbert              0  0  0   0  0   2  0  0  0/0   14 
Tomas Plekanec           0  1  1   0  0   2  0  0  15/22 17 
Toni Lydman              0  0  0   0  0   0  1  1  0/0   21 

3 Stars

1 - Jaroslav Halak (MTL)
2 - Ilya Kovalchuk (MTL)
3 - Nathan Horton (MTL)

Power Play

Senators - 1 on 4 Attempt(s) - 25.00%
Canadiens - 2 on 8 Attempt(s) - 25.00%

Penalty Kill

Senators - 6 on 8 Attempt(s) - 75.00% - Score 0 goal in Penalty Kill
Canadiens - 3 on 4 Attempt(s) - 75.00% - Score 0 goal in Penalty Kill

Game Notes

R.J. Umberger has scored in a empty net!

Finance

Level 1 -- Attendance: 3987 (61.34%) -- Ticket Income $498,375.00
Level 2 -- Attendance: 3414 (68.28%) -- Ticket Income $238,980.00
Level 3 -- Attendance: 2185 (62.43%) -- Ticket Income $91,770.00
Level 4 -- Attendance: 1390 (26.36%) -- Ticket Income $41,700.00
Luxury Box -- Attendance: 642 (64.20%) -- Ticket Income $160,500.00
Game was played at the Bell Centre
Total Attendance: 11618 (54.61%)
Total Ticket Income: $1,117,998.00
Other Income: $197,490.60
Total Income: $1,315,489.00


Play by Play

Period #1

0:01 of 1st period - Sidney Crosby wins face-off versus Nathan Horton in neutral zone.
0:10 of 1st period - Shot by James Neal.
0:10 of 1st period - Stopped by Jaroslav Halak without a rebound.
0:11 of 1st period - Dustin Brown wins face-off versus Tomas Plekanec in Canadiens zone.
2:16 of 1st period - Shot by Jason Pominville.
2:16 of 1st period - Stopped by Carey Price with a rebound.
2:37 of 1st period - Off-side.
2:38 of 1st period - Jason Spezza wins face-off versus Steve Begin in neutral zone.
2:38 of 1st period - Dustin Brown is hit by Maxime Talbot and loses puck.
2:44 of 1st period - Anton Volchenkov is hit by Maxime Talbot and loses puck.
3:09 of 1st period - Anton Volchenkov is hit by Steve Begin and loses puck.
3:42 of 1st period - Icing by Jay Bouwmeester.
3:43 of 1st period - Sidney Crosby wins face-off versus Shawn Horcoff in Senators zone.
4:14 of 1st period - Kris Russell is hit by Chris Kelly and loses puck.
4:31 of 1st period - Milan Michalek is hit by Kris Russell and loses puck.
4:33 of 1st period - Minor Penalty to Chris Kelly for Hooking.
4:34 of 1st period - Tomas Plekanec wins face-off versus Jason Spezza in Senators zone.
5:32 of 1st period - Shot by Ales Hemsky.
5:32 of 1st period - Stopped by Carey Price without a rebound.
5:33 of 1st period - Tomas Plekanec wins face-off versus Sidney Crosby in Senators zone.
5:36 of 1st period - Shot by R.J. Umberger.
5:36 of 1st period - Shot Misses the Net.
5:38 of 1st period - Shot by R.J. Umberger.
5:38 of 1st period - Shot Misses the Net.
5:40 of 1st period - Shot by Tomas Plekanec.
5:40 of 1st period - Stopped by Carey Price without a rebound.
5:41 of 1st period - Rick Nash wins face-off versus Nathan Horton in Senators zone.
5:56 of 1st period - Shot by Nathan Horton.
5:56 of 1st period - Deflect By Ales Hemsky.
5:56 of 1st period - Shot Misses the Net.
6:23 of 1st period - Icing by Jason Pominville.
6:24 of 1st period - Jesse Winchester wins face-off versus Tomas Plekanec in Canadiens zone.
7:36 of 1st period - Minor Penalty to Ed Jovanovski for Hooking.
7:37 of 1st period - Tomas Plekanec wins face-off versus Jason Spezza in Canadiens zone.
8:54 of 1st period - Minor Penalty to Jarkko Ruutu for Hooking.
8:55 of 1st period - Jason Pominville wins face-off versus Milan Michalek in Senators zone.
9:08 of 1st period - Shot by James Neal.
9:08 of 1st period - Shot Blocked by Brent Seabrook.
9:10 of 1st period - Shot by Jay Bouwmeester.
9:10 of 1st period - Stopped by Jaroslav Halak without a rebound.
9:11 of 1st period - Jason Spezza wins face-off versus Nathan Horton in Canadiens zone.
9:24 of 1st period - Shot by Jason Spezza.
9:24 of 1st period - Shot Misses the Net.
9:29 of 1st period - Icing by Alexander Edler.
9:30 of 1st period - Sidney Crosby wins face-off versus Nathan Horton in Canadiens zone.
9:32 of 1st period - James Neal is hit by Toni Lydman.
9:38 of 1st period - Shot by Milan Michalek.
9:38 of 1st period - Stopped by Jaroslav Halak without a rebound.
9:39 of 1st period - Jesse Winchester wins face-off versus Nathan Horton in Canadiens zone.
10:39 of 1st period - Shot by Alexander Edler.
10:39 of 1st period - Shot Misses the Net.
10:41 of 1st period - Shot by Tomas Plekanec.
10:41 of 1st period - Deflect By R.J. Umberger.
10:41 of 1st period - Stopped by Carey Price without a rebound.
10:42 of 1st period - Tomas Plekanec wins face-off versus Jesse Winchester in Senators zone.
10:42 of 1st period - Tomas Plekanec is hit by Dennis Seidenberg.
10:48 of 1st period - Shot by Jason Pominville.
10:48 of 1st period - Deflect By Tomas Plekanec.
10:48 of 1st period - Shot Misses the Net.
11:05 of 1st period - Icing by Shawn Horcoff.
11:06 of 1st period - Jason Spezza wins face-off versus Shawn Horcoff in Canadiens zone.
11:12 of 1st period - Off-side.
11:13 of 1st period - Steve Begin wins face-off versus Jason Spezza in neutral zone.
11:15 of 1st period - Ed Jovanovski is hit by Anton Volchenkov and loses puck.
11:25 of 1st period - Minor Penalty to Brent Seabrook for Hooking.
11:26 of 1st period - Jason Spezza wins face-off versus Shawn Horcoff in Canadiens zone.
11:38 of 1st period - Icing by Jason Spezza.
11:39 of 1st period - Tomas Plekanec wins face-off versus Jason Spezza in Senators zone.
11:45 of 1st period - Icing by Jay Bouwmeester.
11:46 of 1st period - Jason Spezza wins face-off versus Tomas Plekanec in Senators zone.
11:46 of 1st period - Jason Spezza is hit by Jason Pominville.
11:55 of 1st period - Shot by Filip Kuba.
11:55 of 1st period - Shot Blocked by Toni Lydman.
12:43 of 1st period - Shot by Sidney Crosby.
12:43 of 1st period - Shot Misses the Net.
12:47 of 1st period - Shot by Sidney Crosby.
12:47 of 1st period - Goal by Sidney Crosby - Senators : 1 - Canadiens : 0.
12:48 of 1st period - Chris Kelly wins face-off versus R.J. Umberger in neutral zone.
12:51 of 1st period - Tom Gilbert is hit by Patrick Dwyer and loses puck.
13:06 of 1st period - Shot by Jay Bouwmeester.
13:06 of 1st period - Shot Misses the Net.
13:24 of 1st period - Shot by Nathan Horton.
13:24 of 1st period - Shot Blocked by Josh Gorges.
13:58 of 1st period - Anton Volchenkov is hit by R.J. Umberger.
14:19 of 1st period - Shot by Sidney Crosby.
14:19 of 1st period - Stopped by Jaroslav Halak without a rebound.
14:20 of 1st period - Sergei Kostitsyn wins face-off versus Shawn Horcoff in Canadiens zone.
14:25 of 1st period - Shot by Sergei Kostitsyn.
14:25 of 1st period - Shot Misses the Net.
16:09 of 1st period - Tom Gilbert is hit by Dustin Brown and loses puck.
16:32 of 1st period - Icing by Anton Volchenkov.
16:33 of 1st period - Jason Spezza wins face-off versus Shawn Horcoff in Senators zone.
17:31 of 1st period - Shot by Tomas Plekanec.
17:31 of 1st period - Shot Misses the Net.
17:33 of 1st period - Shot by Tomas Plekanec.
17:33 of 1st period - Shot Blocked by Milan Michalek.
17:37 of 1st period - Shot by Ales Hemsky.
17:37 of 1st period - Shot Misses the Net.
17:39 of 1st period - Shot by Tomas Plekanec.
17:39 of 1st period - Shot Blocked by Karlis Skrastins.
19:08 of 1st period - Shot by Dustin Brown.
19:08 of 1st period - Shot Misses the Net.
19:10 of 1st period - Shot by Anton Volchenkov.
19:10 of 1st period - Stopped by Jaroslav Halak without a rebound.
19:11 of 1st period - Steve Begin wins face-off versus Jesse Winchester in Canadiens zone.
19:38 of 1st period - Shot by Sergei Kostitsyn.
19:38 of 1st period - Shot Misses the Net.
19:40 of 1st period - Shot by Josh Gorges.
19:40 of 1st period - Shot Blocked by Ed Jovanovski.

Period #2

0:01 of 2nd period - Sidney Crosby wins face-off versus Nathan Horton in neutral zone.
0:05 of 2nd period - Icing by Brent Seabrook.
0:06 of 2nd period - Nathan Horton wins face-off versus Jason Spezza in Canadiens zone.
1:15 of 2nd period - Icing by Dennis Seidenberg.
1:16 of 2nd period - Sidney Crosby wins face-off versus Ilya Kovalchuk in Senators zone.
1:33 of 2nd period - Shot by Rick Nash.
1:33 of 2nd period - Stopped by Jaroslav Halak without a rebound.
1:34 of 2nd period - Chris Kelly wins face-off versus Cory Stillman in Canadiens zone.
1:34 of 2nd period - Chris Kelly is hit by Kris Russell.
2:40 of 2nd period - Icing by Jay Bouwmeester.
2:41 of 2nd period - Sidney Crosby wins face-off versus Steve Begin in Senators zone.
2:41 of 2nd period - Sidney Crosby is hit by Steve Begin.
2:59 of 2nd period - Shot by James Neal.
2:59 of 2nd period - Shot Misses the Net.
3:01 of 2nd period - Shot by James Neal.
3:01 of 2nd period - Shot Hit the Post.
3:03 of 2nd period - Shot by Rick Nash.
3:03 of 2nd period - Stopped by Jaroslav Halak without a rebound.
3:04 of 2nd period - Jason Spezza wins face-off versus Nathan Horton in Canadiens zone.
3:05 of 2nd period - Shot by Filip Kuba.
3:05 of 2nd period - Shot Blocked by Nathan Horton.
4:37 of 2nd period - Cory Stillman is hit by Dennis Seidenberg and loses puck.
5:14 of 2nd period - Minor Penalty to Josh Gorges for Hooking.
5:15 of 2nd period - Tomas Plekanec wins face-off versus Jarkko Ruutu in Senators zone.
6:00 of 2nd period - Shot by Nathan Horton.
6:00 of 2nd period - Shot Misses the Net.
6:12 of 2nd period - Shot by Nathan Horton.
6:12 of 2nd period - Shot Blocked by Karlis Skrastins.
6:14 of 2nd period - Shot by Ed Jovanovski.
6:14 of 2nd period - Shot Blocked by Karlis Skrastins.
6:16 of 2nd period - Shot by Brent Seabrook.
6:16 of 2nd period - Shot Misses the Net.
7:24 of 2nd period - Icing by Eric Fehr.
7:25 of 2nd period - Shawn Horcoff wins face-off versus Jason Spezza in Senators zone.
7:25 of 2nd period - Shawn Horcoff is hit by Filip Kuba.
7:46 of 2nd period - Shot by Shawn Horcoff.
7:46 of 2nd period - Shot Blocked by Josh Gorges.
8:33 of 2nd period - Shot by Brent Seabrook.
8:33 of 2nd period - Stopped by Carey Price without a rebound.
8:34 of 2nd period - Ales Hemsky wins face-off versus Jesse Winchester in Senators zone.
8:34 of 2nd period - Ales Hemsky is hit by Karlis Skrastins.
8:43 of 2nd period - Ales Hemsky is hit by Josh Gorges and loses puck.
8:47 of 2nd period - Minor Penalty to Josh Gorges for High sticking.
8:48 of 2nd period - Jesse Winchester wins face-off versus Nathan Horton in Senators zone.
9:08 of 2nd period - Shot by Ilya Kovalchuk.
9:08 of 2nd period - Goal by Ilya Kovalchuk - Senators : 1 - Canadiens : 1.
9:09 of 2nd period - Jason Spezza wins face-off versus Nathan Horton in neutral zone.
9:22 of 2nd period - Shot by Jason Spezza.
9:22 of 2nd period - Shot Misses the Net.
9:32 of 2nd period - Shot by R.J. Umberger.
9:32 of 2nd period - Shot Misses the Net.
10:10 of 2nd period - Shot by Jason Pominville.
10:10 of 2nd period - Deflect By Shawn Horcoff.
10:10 of 2nd period - Shot Misses the Net.
10:18 of 2nd period - Jason Pominville is hit by James Neal and loses puck.
10:27 of 2nd period - Shot by Sidney Crosby.
10:27 of 2nd period - Shot Misses the Net.
10:52 of 2nd period - Icing by Shawn Horcoff.
10:53 of 2nd period - Jesse Winchester wins face-off versus Cory Stillman in Canadiens zone.
11:15 of 2nd period - Off-side.
11:16 of 2nd period - Steve Begin wins face-off versus Jason Spezza in neutral zone.
11:48 of 2nd period - Shot by Ilya Kovalchuk.
11:48 of 2nd period - Stopped by Carey Price without a rebound.
11:49 of 2nd period - Nathan Horton wins face-off versus James Neal in Senators zone.
11:52 of 2nd period - Shot by R.J. Umberger.
11:52 of 2nd period - Stopped by Carey Price with a rebound.
11:55 of 2nd period - Icing by Jay Bouwmeester.
11:56 of 2nd period - Tomas Plekanec wins face-off versus Sidney Crosby in Senators zone.
12:12 of 2nd period - Alexander Edler is hit by James Neal and loses puck.
12:25 of 2nd period - Shot by Rick Nash.
12:25 of 2nd period - Shot Blocked by Ed Jovanovski.
12:46 of 2nd period - Off-side.
12:47 of 2nd period - Chris Kelly wins face-off versus Nathan Horton in neutral zone.
13:34 of 2nd period - Icing by Tom Gilbert.
13:35 of 2nd period - Jason Spezza wins face-off versus Nathan Horton in Canadiens zone.
13:38 of 2nd period - Shot by Dustin Brown.
13:38 of 2nd period - Shot Blocked by Brent Seabrook.
13:48 of 2nd period - Kyle Okposo is hit by Dustin Brown and loses puck.
13:54 of 2nd period - Icing by Nathan Horton.
13:55 of 2nd period - Jesse Winchester wins face-off versus Kyle Okposo in Canadiens zone.
14:22 of 2nd period - Shot by Jason Pominville.
14:22 of 2nd period - Shot Blocked by Karlis Skrastins.
14:56 of 2nd period - Minor Penalty to Cory Stillman for High sticking.
14:57 of 2nd period - Jason Spezza wins face-off versus Ilya Kovalchuk in Canadiens zone.
14:58 of 2nd period - Shot by James Neal.
14:58 of 2nd period - Stopped by Jaroslav Halak without a rebound.
14:59 of 2nd period - Shawn Horcoff wins face-off versus Jason Spezza in Canadiens zone.
14:59 of 2nd period - R.J. Umberger is hit by Eric Fehr and loses puck.
15:04 of 2nd period - Shot by Filip Kuba.
15:04 of 2nd period - Shot Misses the Net.
15:06 of 2nd period - Shot by James Neal.
15:06 of 2nd period - Stopped by Jaroslav Halak without a rebound.
15:07 of 2nd period - Sidney Crosby wins face-off versus Ilya Kovalchuk in Canadiens zone.
15:07 of 2nd period - Sidney Crosby is hit by Ed Jovanovski.
15:15 of 2nd period - Shot by Rick Nash.
15:15 of 2nd period - Shot Misses the Net.
15:17 of 2nd period - Shot by Dennis Seidenberg.
15:17 of 2nd period - Shot Misses the Net.
15:21 of 2nd period - Shot by Sidney Crosby.
15:21 of 2nd period - Stopped by Jaroslav Halak with a rebound.
15:25 of 2nd period - Shot by Rick Nash.
15:25 of 2nd period - Shot Misses the Net.
15:27 of 2nd period - Shot by Dennis Seidenberg.
15:27 of 2nd period - Stopped by Jaroslav Halak with a rebound.
15:29 of 2nd period - Shot by Jay Bouwmeester.
15:29 of 2nd period - Stopped by Jaroslav Halak with a rebound.
15:31 of 2nd period - Shot by Jay Bouwmeester.
15:31 of 2nd period - Shot Misses the Net.
15:33 of 2nd period - Shot by Dennis Seidenberg.
15:33 of 2nd period - Stopped by Jaroslav Halak with a rebound.
15:40 of 2nd period - Sidney Crosby is hit by Alexander Edler and loses puck.
15:52 of 2nd period - Sidney Crosby is hit by Ed Jovanovski and loses puck.
16:09 of 2nd period - Shot by James Neal.
16:09 of 2nd period - Stopped by Jaroslav Halak without a rebound.
16:10 of 2nd period - Tomas Plekanec wins face-off versus Jason Spezza in Canadiens zone.
16:37 of 2nd period - Shot by James Neal.
16:37 of 2nd period - Stopped by Jaroslav Halak with a rebound.
16:44 of 2nd period - Icing by Filip Kuba.
16:45 of 2nd period - Jason Spezza wins face-off versus Shawn Horcoff in Senators zone.
16:57 of 2nd period - Off-side.
16:58 of 2nd period - Chris Kelly wins face-off versus Shawn Horcoff in neutral zone.
17:36 of 2nd period - Minor Penalty to Josh Gorges for Roughing.
17:37 of 2nd period - Nathan Horton wins face-off versus Jesse Winchester in Senators zone.
18:02 of 2nd period - Shot by Nathan Horton.
18:02 of 2nd period - Shot Blocked by Anton Volchenkov.
18:04 of 2nd period - Shot by Brent Seabrook.
18:04 of 2nd period - Shot Misses the Net.
18:06 of 2nd period - Shot by Ales Hemsky.
18:06 of 2nd period - Shot Blocked by Dennis Seidenberg.
18:08 of 2nd period - Shot by Brent Seabrook.
18:08 of 2nd period - Stopped by Carey Price without a rebound.
18:09 of 2nd period - Tomas Plekanec wins face-off versus Chris Kelly in Senators zone.
18:25 of 2nd period - Shot by Tomas Plekanec.
18:25 of 2nd period - Stopped by Carey Price without a rebound.
18:26 of 2nd period - Nathan Horton wins face-off versus Jesse Winchester in Senators zone.
18:45 of 2nd period - Shot by Ilya Kovalchuk.
18:45 of 2nd period - Deflect By Nathan Horton.
18:45 of 2nd period - Shot Misses the Net.
18:47 of 2nd period - Shot by Ales Hemsky.
18:47 of 2nd period - Deflect By Ilya Kovalchuk.
18:47 of 2nd period - Stopped by Carey Price without a rebound.
18:48 of 2nd period - Maxime Talbot wins face-off versus Jesse Winchester in Senators zone.
19:00 of 2nd period - Icing by Alexander Edler.
19:01 of 2nd period - Tomas Plekanec wins face-off versus Jesse Winchester in Canadiens zone.
19:42 of 2nd period - Shot by Dustin Brown.
19:42 of 2nd period - Stopped by Jaroslav Halak without a rebound.
19:43 of 2nd period - Sidney Crosby wins face-off versus Nathan Horton in Canadiens zone.
19:44 of 2nd period - Shot by Rick Nash.
19:44 of 2nd period - Stopped by Jaroslav Halak without a rebound.
19:45 of 2nd period - Sidney Crosby wins face-off versus Shawn Horcoff in Canadiens zone.
19:46 of 2nd period - Shot by Rick Nash.
19:46 of 2nd period - Stopped by Jaroslav Halak without a rebound.
19:47 of 2nd period - Steve Begin wins face-off versus Sidney Crosby in Canadiens zone.

Period #3

0:01 of 3rd period - Sidney Crosby wins face-off versus Kyle Okposo in neutral zone.
0:12 of 3rd period - Shot by Kyle Okposo.
0:12 of 3rd period - Shot Blocked by Dennis Seidenberg.
0:14 of 3rd period - Shot by Tom Gilbert.
0:14 of 3rd period - Stopped by Carey Price without a rebound.
0:15 of 3rd period - Jason Spezza wins face-off versus Tomas Plekanec in Senators zone.
0:23 of 3rd period - Jason Spezza is hit by Ed Jovanovski and loses puck.
0:27 of 3rd period - Minor Penalty to Ed Jovanovski for Holding.
0:28 of 3rd period - Tomas Plekanec wins face-off versus Sidney Crosby in Canadiens zone.
0:41 of 3rd period - Shot by Dustin Brown.
0:41 of 3rd period - Stopped by Jaroslav Halak without a rebound.
0:42 of 3rd period - Jason Pominville wins face-off versus Jason Spezza in Canadiens zone.
0:55 of 3rd period - Shot by Filip Kuba.
0:55 of 3rd period - Stopped by Jaroslav Halak with a rebound.
1:04 of 3rd period - Icing by Eric Fehr.
1:05 of 3rd period - Jason Spezza wins face-off versus Tomas Plekanec in Senators zone.
1:12 of 3rd period - Shot by James Neal.
1:12 of 3rd period - Shot Misses the Net.
1:33 of 3rd period - Eric Fehr is hit by Shawn Horcoff and loses puck.
2:28 of 3rd period - Sidney Crosby is hit by Kris Russell and loses puck.
2:32 of 3rd period - Icing by Ed Jovanovski.
2:33 of 3rd period - Steve Begin wins face-off versus Jarkko Ruutu in Canadiens zone.
2:54 of 3rd period - Shot by Ilya Kovalchuk.
2:54 of 3rd period - Shot Misses the Net.
3:07 of 3rd period - Minor Penalty to Jarkko Ruutu for Boarding.
3:08 of 3rd period - Nathan Horton wins face-off versus Jesse Winchester in Senators zone.
3:22 of 3rd period - Ilya Kovalchuk is hit by Dennis Seidenberg and loses puck.
4:03 of 3rd period - Shot by R.J. Umberger.
4:03 of 3rd period - Shot Misses the Net.
4:06 of 3rd period - Maxime Talbot is hit by Jason Spezza and loses puck.
5:15 of 3rd period - Minor Penalty to Dennis Seidenberg for Hooking.
5:16 of 3rd period - Tomas Plekanec wins face-off versus Chris Kelly in Senators zone.
5:21 of 3rd period - Shot by Kris Russell.
5:21 of 3rd period - Stopped by Carey Price without a rebound.
5:22 of 3rd period - Nathan Horton wins face-off versus Jesse Winchester in Senators zone.
5:29 of 3rd period - Shot by Tomas Plekanec.
5:29 of 3rd period - Shot Misses the Net.
5:33 of 3rd period - Shot by Nathan Horton.
5:33 of 3rd period - Goal by Nathan Horton - Senators : 1 - Canadiens : 2.
5:34 of 3rd period - Jason Spezza wins face-off versus Shawn Horcoff in neutral zone.
6:13 of 3rd period - Off-side.
6:14 of 3rd period - Maxime Talbot wins face-off versus Sidney Crosby in neutral zone.
6:17 of 3rd period - Jay Bouwmeester is hit by Steve Begin and loses puck.
6:54 of 3rd period - Shot by Sidney Crosby.
6:54 of 3rd period - Stopped by Jaroslav Halak without a rebound.
6:55 of 3rd period - Nathan Horton wins face-off versus Patrick Dwyer in Canadiens zone.
7:32 of 3rd period - Shot by Kyle Okposo.
7:32 of 3rd period - Shot Misses the Net.
7:39 of 3rd period - Off-side.
7:40 of 3rd period - Shawn Horcoff wins face-off versus Jason Spezza in neutral zone.
7:57 of 3rd period - Eric Fehr is hit by Cory Stillman and loses puck.
8:12 of 3rd period - Icing by Filip Kuba.
8:13 of 3rd period - Jason Spezza wins face-off versus Steve Begin in Senators zone.
8:50 of 3rd period - Shot by James Neal.
8:50 of 3rd period - Stopped by Jaroslav Halak without a rebound.
8:51 of 3rd period - Jesse Winchester wins face-off versus Nathan Horton in Canadiens zone.
9:02 of 3rd period - Shot by R.J. Umberger.
9:02 of 3rd period - Deflect By Nathan Horton.
9:02 of 3rd period - Stopped by Carey Price with a rebound.
9:04 of 3rd period - Shot by R.J. Umberger.
9:04 of 3rd period - Shot Misses the Net.
9:06 of 3rd period - Shot by Tom Gilbert.
9:06 of 3rd period - Stopped by Carey Price without a rebound.
9:07 of 3rd period - Shawn Horcoff wins face-off versus Chris Kelly in Senators zone.
10:17 of 3rd period - Ales Hemsky is hit by Dennis Seidenberg and loses puck.
10:19 of 3rd period - Minor Penalty to Dennis Seidenberg for Cross-checking.
10:20 of 3rd period - Tomas Plekanec wins face-off versus Jesse Winchester in Senators zone.
10:27 of 3rd period - Shot by Tomas Plekanec.
10:27 of 3rd period - Shot Blocked by Jay Bouwmeester.
10:29 of 3rd period - Shot by Alexander Edler.
10:29 of 3rd period - Stopped by Carey Price with a rebound.
10:31 of 3rd period - Shot by R.J. Umberger.
10:31 of 3rd period - Stopped by Carey Price without a rebound.
10:32 of 3rd period - Jesse Winchester wins face-off versus Nathan Horton in Senators zone.
10:47 of 3rd period - Shot by Ed Jovanovski.
10:47 of 3rd period - Shot Misses the Net.
10:49 of 3rd period - Shot by Brent Seabrook.
10:49 of 3rd period - Shot Misses the Net.
10:51 of 3rd period - Shot by Nathan Horton.
10:51 of 3rd period - Shot Blocked by Sidney Crosby.
10:59 of 3rd period - Shot by Ed Jovanovski.
10:59 of 3rd period - Shot Misses the Net.
14:36 of 3rd period - Shot by Shawn Horcoff.
14:36 of 3rd period - Stopped by Carey Price without a rebound.
14:37 of 3rd period - Shawn Horcoff wins face-off versus Milan Michalek in Senators zone.
15:52 of 3rd period - Icing by Ilya Kovalchuk.
15:53 of 3rd period - Sidney Crosby wins face-off versus Tomas Plekanec in Canadiens zone.
16:02 of 3rd period - Shot by Rick Nash.
16:02 of 3rd period - Shot Misses the Net.
16:14 of 3rd period - Shot by Rick Nash.
16:14 of 3rd period - Shot Misses the Net.
16:16 of 3rd period - Shot by James Neal.
16:16 of 3rd period - Deflect By Sidney Crosby.
16:16 of 3rd period - Stopped by Jaroslav Halak with a rebound.
16:18 of 3rd period - Shot by Jay Bouwmeester.
16:18 of 3rd period - Shot Misses the Net.
16:20 of 3rd period - Shot by Sidney Crosby.
16:20 of 3rd period - Stopped by Jaroslav Halak without a rebound.
16:21 of 3rd period - Tomas Plekanec wins face-off versus Jason Spezza in Canadiens zone.
16:21 of 3rd period - Nathan Horton is hit by Dustin Brown and loses puck.
18:17 of 3rd period - Off-side.
18:18 of 3rd period - Tomas Plekanec wins face-off versus Jason Spezza in neutral zone.
18:23 of 3rd period - Shot by Tomas Plekanec.
18:23 of 3rd period - Deflect By Jason Pominville.
18:23 of 3rd period - Shot Blocked by Anton Volchenkov.
19:00 of 3rd period - Icing by Tomas Plekanec.
19:01 of 3rd period - Sidney Crosby wins face-off versus Tomas Plekanec in Canadiens zone.
19:02 of 3rd period - Senators, Carey Price is pulled from the net.
19:10 of 3rd period - Shot by Rick Nash.
19:10 of 3rd period - Stopped by Jaroslav Halak without a rebound.
19:11 of 3rd period - Ilya Kovalchuk wins face-off versus Sidney Crosby in Canadiens zone.
19:16 of 3rd period - Milan Michalek is hit by Maxime Talbot and loses puck.
19:33 of 3rd period - Shot by R.J. Umberger.
19:33 of 3rd period - Goal by R.J. Umberger - Senators : 1 - Canadiens : 3.
19:33 of 3rd period - Carey Price from Senators was sent back in the game.
19:34 of 3rd period - Jason Spezza wins face-off versus Nathan Horton in neutral zone.
19:51 of 3rd period - Shot by Rick Nash.
19:51 of 3rd period - Stopped by Jaroslav Halak without a rebound.
19:52 of 3rd period - Milan Michalek wins face-off versus Nathan Horton in Canadiens zone.


Output by the SimonT Hockey Simulator (STHS) for Stephane Roy -- Original Page W3C XHTML 1.0 Valid